 Dungeon Crawl Stone Soup version 0.29.1-4-g47bece8355 (webtiles) character file.

Game seed: 9000453706617204300

74 Thatpatchoflichen the Chiller (level 4, -1/36 HPs)
             Began as a Draconian Ice Elementalist on Dec 7, 2022.
             Slain by a gnoll
             ... wielding a +0 club
              (4 damage)
             ... on level 2 of the Dungeon.
             The game lasted 00:11:21 (2241 turns).

Thatpatchoflichen the Chiller (DrIE)                Turns: 2241, Time: 00:11:21

Health: -1/36      AC:  6    Str: 10    XL:     4   Next: 9%
Magic:  7/7        EV: 16    Int: 18    God:
Gold:   158        SH:  0    Dex: 11    Spells: 7/8 levels left

rFire   . . .      SeeInvis .   j - +0 quarterstaff
rCold   . . .      Faith    .   (shield currently unavailable)
rNeg    . . .      Spirit   .   (body armour unavailable)
rPois   .          Reflect  .   (helmet restricted)
rElec   .          Harm     .   (no cloak)
rCorr   .          Rampage  .   (no gloves)
Will    .....                   m - +0 pair of boots
Stlth   ++........              (no amulet)
HPRegen 0.12/turn               c - +4 ring of evasion
MPRegen 0.10/turn               (no ring)

@: no status effects
A: AC +5, unfitting armour, cold-blooded
a: no special abilities


You were on level 2 of the Dungeon.
You visited 1 branch of the dungeon, and saw 3 of its levels.

You collected 158 gold pieces.

Inventory:

Hand Weapons
 b - a +0 short sword
 e - a +0 halberd
 j - a +0 quarterstaff (weapon)
Armour
 m - a +0 pair of boots (worn)
Jewellery
 c - a +4 ring of evasion (left hand)
Scrolls
 h - a scroll of teleportation {unknown}
 l - a scroll of enchant weapon {unknown}
 n - a scroll of magic mapping {unknown}
Potions
 a - a potion of magic
 d - 3 potions of curing {unknown}
 f - a potion of invisibility {unknown}
 g - a potion of might {unknown}
 i - a potion of haste {unknown}
 k - 2 potions of lignification {unknown}
 o - a potion of heal wounds {unknown}


   Skills:
 + Level 1.8 Fighting
 - Level 0.2(0.4) Polearms
 + Level 0.4(0.5) Staves
 + Level 2.4 Dodging
 - Level 2.0 Stealth
 + Level 2.5 Spellcasting
 + Level 4.4 Ice Magic


You had 7 spell levels left.
You knew the following spells:

 Your Spells              Type           Power      Damage    Failure   Level
a - Freeze                Ice            72%        1d9       2%          1

Your spell library contained the following spells:

 Spells                   Type           Power      Damage    Failure   Level
 Frozen Ramparts          Ice            36%        1d6       9%          3
 Ozocubu's Armour         Ice            18%        N/A       9%          3
 Apportation              Tloc           4%         N/A       17%         1
 Beastly Appendage        Tmut           4%         N/A       17%         1
 Necrotise                Necr           8%         1d4       17%         1
 Summon Small Mammal      Summ           8%         N/A       17%         1
 Wereblood                Tmut           2%         N/A       26%         2
 Spider Form              Tmut/Pois      2%         N/A       45%         3
 Hailstorm                Conj/Ice       10%        3d5       56%         4
 Ozocubu's Refrigeration  Ice            9%         4d9       100%        7


Dungeon Overview and Level Annotations

Branches:
Dungeon (3/15)

Altars:


Innate Abilities, Weirdness & Mutations

Your plain brown scales are hard. (AC +5)
You cannot fit into any form of body armour.
You are cold-blooded and may be slowed by cold attacks.


Message History

There is a stone staircase leading up here.
The gnoll hits you with a +0 whip. The gnoll misses you.
The gnoll completely misses you.
You climb upwards.
There is a stone staircase leading down here.
The gnoll hits you with a +0 club. The gnoll misses you.
The gnoll closely misses you. The gnoll closely misses you.
The gnoll hits you with a +0 flail. The gnoll attacks as you move away!
The gnoll misses you. The gnoll attacks as you move away!
The gnoll hits you with a +0 club. The gnoll attacks as you move away!
The gnoll misses you. The gnoll attacks as you move away!
The gnoll completely misses you. The gnoll attacks as you move away!
The gnoll hits you with a +0 whip. The gnoll barely misses you.
The gnoll hits you with a +0 whip.
* * * LOW HITPOINT WARNING * * *
The gnoll completely misses you.
You see here a +0 dagger.
The gnoll attacks as you move away! The gnoll misses you.
The gnoll attacks as you move away! The gnoll hits you but does no damage.
The gnoll attacks as you move away! The gnoll barely misses you.
The gnoll hits you but does no damage. The gnoll attacks as you move away!
The gnoll hits you with a +0 club.
* * * LOW HITPOINT WARNING * * *
The gnoll attacks as you move away! The gnoll barely misses you.
The gnoll attacks as you move away! The gnoll closely misses you.
The gnoll attacks as you move away! The gnoll barely misses you.
The gnoll attacks as you move away! The gnoll hits you with a +0 club.
* * * LOW HITPOINT WARNING * * *
The gnoll attacks as you move away! The gnoll misses you.
The gnoll attacks as you move away! The gnoll misses you.
There are monsters nearby!
Okay, then.
The gnoll attacks as you move away! The gnoll barely misses you.
The gnoll attacks as you move away! The gnoll completely misses you.
The gnoll attacks as you move away! The gnoll closely misses you.
You see here 2 stones.
The gnoll attacks as you move away! The gnoll barely misses you.
The gnoll attacks as you move away! The gnoll closely misses you.
The gnoll hits you with a +0 club.
You die...

..(...........#.#..'.'..#.#..'.'.
..............#.#..#.#..#.#..#.#.
..............#.##+#.##'#.##'#.##
#.............#..................
##..........#.#(##'#.##+#.##'#.##
#####.###....#g#..#.#..#.#..#.#.
##†###..#.#g#8.#.#..'.+(.#.#.
#.......).#g####.####.####.##
#.........#.@..........†.....
#.........###################
#..........# #........
#..........# ####.....
#..........# #...... #..........#
#...... #..........# #......
#..........# #...... #..........#
#......


You could see 3 gnolls.

Vanquished Creatures
  An adder (D:2)
  A worm (D:2)
  A dart slug (D:2)
  3 endoplasms
  4 giant cockroaches
  7 goblins
  3 hobgoblins
  A jackal (D:1)
  3 quokkas (D:1)
  8 ball pythons
  9 bats
  2 frilled lizards (D:2)
  2 kobolds (D:1)
  10 rats
55 creatures vanquished.

Notes
Turn   | Place    | Note
-------+----------+-------------------------------------------
     0 | D:1      | Thatpatchoflichen the Draconian Ice Elementalist began the
                  | quest for the Orb.
     0 | D:1      | Reached XP level 1. HP: 14/14 MP: 3/3
   182 | D:1      | Reached XP level 2. HP: 17/22 MP: 5/5
   374 | D:1      | Reached skill level 1 in Fighting
   917 | D:1      | Reached XP level 3. HP: 27/28 MP: 6/6
  1481 | D:2      | Identified the +6 dagger "Jucifuymm" {drain, Str+3}
  1504 | D:2      | Found a faded altar of an unknown god.
  1951 | D:2      | Reached XP level 4. HP: 34/36 MP: 2/7
  2220 | D:2      | HP: 1/36 [gnoll/+0 club (6)]
  2241 | D:2      | Slain by a gnoll

Illustrated notes

Levels and vault maps discovered:
D:1:      elethiomel_arrival_diamonds, layout_rooms, minmay_tetromino_o4
D:2:      minmay_door_path, layout_rooms, shapermc_ecumenical_altar_notcrosses
D:3:      cheibrodos_helix_gallery, layout_rooms,
          mainiacjoe_overflow_surrounded_room, trog_butcher_becter,
          ebering_ghost_rock_garden, uniq_grinder

Skill      XL: |  1  2 |
---------------+-------+-----
Stealth        | 2 |  2.0
Dodging        | 2 |  2.4
Fighting       | 1 |  1.8
Polearms       | |  0.2
Staves         | |  0.4
Spellcasting   | |  2.5
Ice Magic      | |  4.4

Action                   |  1- 3 |  4- 6 || total
-------------------------+-------+-------++-------
Melee: Unarmed           |    17 |       ||    17
       Short sword       |    33 |       ||    33
       Tailslap          |    16 |     2 ||    18
       Halberd           |    32 |       ||    32
       Quarterstaff      |    57 |    14 ||    71
 Cast: Freeze            |    17 |       ||    17
 Stab: Sleeping          |     2 |       ||     2
Armor: Skin              |    61 |     4 ||    65
Dodge: Dodged            |   199 |    32 ||   231
